 Dungeon Crawl Stone Soup version 0.19.5 (webtiles) character file.

1057 tognito the Skirmisher (level 8, -4/74 HPs)
             Began as a Minotaur Berserker on Mar 19, 2017.
             Was a Priest of Trog.
             Slain by an ogre
             ... wielding a +0 giant spiked club
              (21 damage)
             ... on level 6 of the Dungeon.
             The game lasted 00:11:07 (4663 turns).

tognito the Skirmisher (Minotaur Berserker)         Turns: 4663, Time: 00:11:08

Health: -4/74      AC: 13    Str: 23    XL:     8   Next: 6%
Magic:  7/7        EV:  7    Int:  4    God:    Trog [***...]
Gold:   232        SH:  3    Dex: 11    Spells: 0 memorised, 7 levels left

rFire  x . .     SeeInvis .     a - +2 hand axe (chop)
rCold  + + .     Gourm    +     A - +0 plate armour
rNeg   . . .     Faith    .     h - +0 buckler
rPois  .         Spirit   .     (helmet restricted)
rElec  .         Reflect  .     r - +0 cloak {MR+}
rCorr  .         Harm     .     (no gloves)
MR     +....                    (no boots)
Stlth  ..........               j - amulet of the gourmand
                                y - ring of ice
                                m - ring of protection from cold

@: no status effects
A: retaliatory headbutt, horns 2
a: Berserk, Trog's Hand, Burn Spellbooks, Renounce Religion


You were on level 6 of the Dungeon.
You worshipped Trog.
Trog was most pleased with you.
You were not hungry.

You visited 1 branch of the dungeon, and saw 6 of its levels.
You also visited: Sewer.

You collected 232 gold pieces.

Inventory:

Hand Weapons
 a - a +2 hand axe of chopping (weapon)
 s - a +0 war axe
Missiles
 d - 47 arrows
Armour
 h - a +0 buckler (worn)
 r - a +0 cloak of magic resistance (worn)
 A - a +0 plate armour (worn)
Jewellery
 j - an amulet of the gourmand (around neck)
 m - a ring of protection from cold (left hand)
 y - a ring of ice (right hand)
Scrolls
 b - 2 scrolls of teleportation {unknown}
 e - a scroll of enchant weapon {unknown}
 g - 6 scrolls of remove curse {unknown}
 i - a scroll of recharging {unknown}
 p - a scroll of enchant armour {unknown}
 q - a scroll of fear {unknown}
 u - a scroll of magic mapping {unknown}
 w - a scroll of blinking {unknown}
 C - a scroll of fog {unknown}
Potions
 f - 6 potions of curing
 k - 6 potions of brilliance
 l - a potion of haste
 t - 2 potions of cancellation
 v - a potion of magic
 x - a potion of might
 z - 2 potions of heal wounds
Comestibles
 c - 3 bread rations
 n - a meat ration
 o - 4 fruits
 B - a royal jelly


   Skills:
 * Level 7.9 Fighting
 * Level 7.3 Axes
 + Level 5.2 Armour
 + Level 4.1 Dodging


You had 7 spell levels left.
You didn't know any spells.

Dungeon Overview and Level Annotations

Branches:
Dungeon (6/15)
 Temple: D:4-7

Altars:
Cheibriados
Dithmenos
Gozag
Uskayaw
The Shining One


Innate Abilities, Weirdness & Mutations

You reflexively headbutt those who attack you in melee.
You have a pair of horns on your head.


Message History

The ogre shouts!
The electric eel shoots out a bolt of lightning at you!
The bolt of electricity hits you! The scorpion closely misses you.
The electric eel shoots out a bolt of lightning at you!
The bolt of electricity hits you!
Found 31 stones.
The electric eel shoots out a bolt of lightning at you!
The bolt of electricity hits you!
* * * LOW HITPOINT WARNING * * *
You closely miss the electric eel. You headbutt the electric eel!
You kill the electric eel!
Trog accepts your kill.
The phantom hits you but does no damage.
The scorpion stings you.
* * * LOW HITPOINT WARNING * * *
You slash the ogre!
The ogre is severely wounded.
You miss the phantom. You hit the scorpion but do no damage.
The ogre hits you with a giant spiked club!!
You die...

#........≈≈..#
##.......≈..≈.##
#≈...≈≈..≈..≈≈≈#
#≈≈..≈..≈..≈..≈≈≈
#≈≈..≈..≈⌠.≈...≈≈
#.#≈≈...≈.⌠≈..≈..≈≈
#.#≈≈≈..≈..W..≈..≈≈
#.##≈≈≈..O@.≈≈...≈#
#..##.≈..≈s......#
#..##..≈≈........#
#...#.!..........#
#.................#
+....#......#.....#
#....#...$..#.....#
#...)#......+.(...#
#....##.#####.....#


You could see a phantom, an ogre and a scorpion.

Vanquished Creatures
  The ghost of dxctxrx the Digger, an amateur GrEE (D:3)
  An ice beast (D:5)
  Purgy (Sewer)
  A phantom (D:4)
  A scorpion (D:6)
  An electric eel (D:6)
  2 crimson imps
  A centaur skeleton (D:4)
  2 orc priests (D:5)
  2 gnoll shamans (D:4)
  An iguana (D:5)
  Ijyb (D:2)
  Natasha (twice) (D:3)
  A worker ant (D:5)
  A hound skeleton (D:5)
  10 gnolls (D:4)
  5 adders
  An adder skeleton (D:4)
  A worm (D:1)
  2 dart slugs
  4 leopard geckos
  6 orcs
  2 ball pythons (Sewer)
  7 giant cockroaches
  6 goblins
  9 hobgoblins
  5 jackals
  6 kobolds
  2 quokkas
  12 bats
  11 frilled lizards
  8 rats
116 creatures vanquished.

Notes
Turn   | Place    | Note
-------+----------+-------------------------------------------
     0 | D:1      | tognito the Minotaur Berserker began the quest for the Orb.
     0 | D:1      | Reached XP level 1. HP: 19/19 MP: 0/0
   300 | D:1      | Reached XP level 2. HP: 27/27 MP: 1/1
  1036 | D:2      | Reached XP level 3. HP: 33/34 MP: 2/2
  1051 | D:2      | Found a faded altar of an unknown god.
  1056 | D:2      | Reached ** piety under Trog
  1457 | D:2      | Noticed Ijyb
  1475 | D:2      | Killed Ijyb
  1475 | D:2      | Reached skill level 5 in Fighting
  1475 | D:2      | Reached XP level 4. HP: 21/42 MP: 3/3
  1646 | D:2      | Found a snail-covered altar of Cheibriados.
  1669 | D:2      | Found an opulent altar of Gozag.
  1782 | D:2      | Found a glowing golden altar of the Shining One.
  2350 | D:3      | Found a shadowy altar of Dithmenos.
  2353 | D:3      | Noticed Natasha
  2359 | D:3      | Killed Natasha
  2361 | D:3      | Reached XP level 5. HP: 41/48 MP: 4/4
  2412 | D:3      | Noticed dxctxrx's ghost (amateur GrEE)
  2423 | D:3      | Killed dxctxrx's ghost
  2423 | D:3      | Reached skill level 5 in Axes
  2444 | D:3      | Noticed Natasha
  2451 | D:3      | Killed Natasha
  2451 | D:3      | Reached XP level 6. HP: 42/57 MP: 5/5
  2924 | D:4      | Noticed a dagger
  2925 | D:4      | Found a hide-covered altar of Uskayaw.
  2925 | D:4      | Noticed a dagger
  2954 | D:4      | Reached *** piety under Trog
  3306 | D:4      | Found a glowing drain.
  3311 | Sewer    | Entered a sewer
  3368 | Sewer    | Noticed Purgy
  3381 | Sewer    | Killed Purgy
  3381 | Sewer    | Reached XP level 7. HP: 42/64 MP: 6/6
  3942 | D:5      | Entered Level 5 of the Dungeon
  4201 | D:5      | Reached skill level 5 in Armour
  4214 | D:5      | Found an opulent altar of Gozag.
  4655 | D:6      | Reached XP level 8. HP: 40/74 MP: 7/7
  4663 | D:6      | Slain by an ogre

Skill      XL: |  1  2  3  4  5  6  7 |
---------------+----------------------+-----
Fighting       | 4 5 6 7 |  7.9
Armour         | 3 4 5 |  5.2
Axes           | 4 5 6 7 |  7.3
Dodging        | 3 4 |  4.1

Action                   |  1- 3 |  4- 6 |  7- 9 || total
-------------------------+-------+-------+-------++-------
Melee: Hand axe          |    76 |    68 |    58 ||   202
       Headbutt          |     4 |    20 |     8 ||    32
       War axe           |       |    74 |     7 ||    81
Invok: Berserk           |       |     3 |       ||     3
       Trog's Hand       |       |     2 |       ||     2
  Use: Potion            |     4 |     5 |     1 ||    10
  Eat: Chunk             |     1 |     9 |     4 ||    14
       Beef jerky        |       |     1 |       ||     1
Armor: Animal skin       |    24 |       |       ||    24
       Scale mail        |       |    16 |       ||    16
       Chain mail        |       |    73 |     8 ||    81
       Plate armour      |       |       |    20 ||    20
Dodge: Dodged            |    63 |    76 |    23 ||   162
Block: Buckler           |     9 |    24 |     7 ||    40
